[ AOE2 MATCH · #505313797 ]
UnrankedByzantines vs Poles
Player's team · WIN
Rival team · LOSS
[ REPLAY ANALYSIS · EXTRACTED FROM THE RECORDED GAME ]
Feudal
9:16
Castle
25:40
Imperial
—
| APM avg | 91.4 |
| APM peak | 182 |
| eAPM avg | 35.5 |
| Villagers / military | 136 / 55 |
Focus
⚔️ 29.0% · 🌾 71.0%
Archer ×26 · Militia ×15 · Camel Scout ×10 · Monk ×4
Feudal
10:35
Castle
23:15
Imperial
—
| APM avg | 68.2 |
| APM peak | 96 |
| eAPM avg | 26.9 |
| Villagers / military | 86 / 48 |
Focus
⚔️ 41.5% · 🌾 58.5%
Skirmisher ×19 · Cavalry Archer ×12 · Knight ×6 · Archer ×5 · Militia ×5 · Spearman ×1
Match map
Initial resources + every placement click. Lines = walls · curves = elevation contours. ◆ gold · ⬟ stone · ● berries · ✦ relic · ◌ wall gap
Your base· Open — 3t gap
CNZS_Donghaidi's base· Open — 7t gap
Smoothed initial terrain · ◌ = detected wall gap · hover for details
Inputs per minute
— jsemosoom - - CNZS_Donghaidi
Build order — jsemosoom
First 150 of 346 actions detected
| 0:00 | Create | Villager (Male) |
| 0:01 | Create | Villager (Male) |
| 0:02 | Build | House |
| 0:03 | Build | House |
| 0:22 | Create | Villager (Male) |
| 0:22 | Create | Villager (Male) |
| 1:22 | Build | Lumber Camp |
| 1:30 | Create | Villager (Male) |
| 1:30 | Create | Villager (Male) |
| 1:51 | Create | Villager (Male) |
| 1:51 | Create | Villager (Male) |
| 2:23 | Create | Villager (Male) |
| 2:49 | Create | Villager (Male) |
| 2:49 | Create | Villager (Male) |
| 3:01 | Build | House |
| 3:14 | Create | Villager (Male) |
| 3:14 | Create | Villager (Male) |
| 3:28 | Create | Villager (Male) |
| 3:41 | Build | Mill |
| 4:00 | Create | Villager (Male) |
| 4:01 | Create | Villager (Male) |
| 4:01 | Create | Villager (Male) |
| 4:40 | Create | Villager (Male) |
| 4:40 | Create | Villager (Male) |
| 5:15 | Create | Villager (Male) |
| 5:15 | Create | Villager (Male) |
| 5:20 | Build | House |
| 5:39 | Create | Villager (Male) |
| 5:39 | Create | Villager (Male) |
| 6:04 | Build | Barracks |
| 6:14 | Research | Loom |
| 6:17 | Create | Villager (Male) |
| 6:32 | Build | Palisade Wall |
| 6:33 | Build | Palisade Wall |
| 7:06 | Research | Feudal Age |
| 7:06 | Research | Feudal Age |
| 7:12 | Create | Militia |
| 7:13 | Create | Militia |
| 7:30 | Build | Mining Camp |
| 7:35 | Create | Militia |
| 7:35 | Create | Militia |
| 8:06 | Create | Militia |
| 8:06 | Create | Militia |
| 8:14 | Build | House |
| 8:26 | Build | House |
| 8:28 | Create | Villager (Male) |
| 9:00 | Build | Palisade Wall |
| 9:01 | Build | Palisade Wall |
| 9:16 | Age | Feudal Age |
| 9:23 | Build | Archery Range |
| 9:26 | Research | Man-at-Arms (upgrade) |
| 9:26 | Research | Man-at-Arms (upgrade) |
| 9:26 | Research | Man-at-Arms (upgrade) |
| 9:31 | Research | Double-Bit Axe |
| 9:32 | Research | Double-Bit Axe |
| 9:36 | Create | Villager (Male) |
| 9:36 | Create | Villager (Male) |
| 10:16 | Create | Archer |
| 10:26 | Build | Mill |
| 10:38 | Create | Villager (Male) |
| 10:42 | Create | Archer |
| 10:43 | Create | Archer |
| 11:13 | Create | Villager (Male) |
| 11:15 | Build | Farm |
| 11:16 | Build | Farm |
| 11:22 | Create | Archer |
| 11:23 | Build | Palisade Wall |
| 11:47 | Build | Farm |
| 11:48 | Build | Farm |
| 11:51 | Create | Archer |
| 11:59 | Create | Villager (Male) |
| 12:00 | Create | Villager (Male) |
| 12:04 | Build | House |
| 12:09 | Build | Farm |
| 12:33 | Build | Palisade Wall |
| 12:34 | Build | Palisade Wall |
| 12:38 | Create | Villager (Male) |
| 12:38 | Create | Villager (Male) |
| 12:46 | Create | Archer |
| 12:47 | Create | Archer |
| 13:03 | Build | Farm |
| 13:04 | Build | Farm |
| 13:10 | Build | Farm |
| 13:11 | Create | Villager (Male) |
| 13:12 | Create | Villager (Male) |
| 13:17 | Create | Archer |
| 13:22 | Build | Farm |
| 13:30 | Build | House |
| 13:37 | Create | Archer |
| 13:40 | Create | Villager (Male) |
| 13:41 | Create | Villager (Male) |
| 13:53 | Create | Militia |
| 13:53 | Create | Militia |
| 13:55 | Create | Archer |
| 14:02 | Build | Farm |
| 14:08 | Create | Villager (Male) |
| 14:08 | Create | Villager (Male) |
| 14:19 | Create | Archer |
| 14:21 | Build | House |
| 14:24 | Create | Villager (Male) |
| 14:25 | Create | Archer |
| 14:39 | Create | Villager (Male) |
| 14:39 | Create | Villager (Male) |
| 14:52 | Create | Villager (Male) |
| 14:56 | Create | Villager (Male) |
| 15:12 | Create | Villager (Male) |
| 15:14 | Build | Blacksmith |
| 15:15 | Create | Archer |
| 15:18 | Create | Militia |
| 15:19 | Create | Militia |
| 15:30 | Build | Farm |
| 15:30 | Create | Villager (Male) |
| 15:41 | Build | House |
| 15:46 | Create | Militia |
| 15:49 | Create | Villager (Male) |
| 15:50 | Build | House |
| 15:51 | Create | Villager (Male) |
| 15:51 | Create | Villager (Male) |
| 15:56 | Build | Palisade Gate |
| 16:00 | Build | Palisade Wall |
| 16:01 | Build | Palisade Wall |
| 16:07 | Create | Villager (Male) |
| 16:08 | Research | Fletching |
| 16:08 | Research | Fletching |
| 16:10 | Create | Militia |
| 16:19 | Create | Villager (Male) |
| 16:24 | Build | Farm |
| 16:28 | Build | Palisade Wall |
| 16:29 | Create | Villager (Male) |
| 16:29 | Create | Villager (Male) |
| 16:33 | Build | Palisade Wall |
| 16:43 | Research | Scale Mail Armor |
| 16:43 | Research | Scale Mail Armor |
| 16:45 | Create | Archer |
| 17:00 | Create | Villager (Male) |
| 17:03 | Build | Farm |
| 17:09 | Create | Militia |
| 17:10 | Create | Militia |
| 17:11 | Create | Militia |
| 17:19 | Build | Palisade Gate |
| 17:19 | Create | Villager (Male) |
| 17:29 | Build | House |
| 17:30 | Create | Villager (Male) |
| 17:34 | Create | Archer |
| 17:48 | Build | Farm |
| 17:55 | Research | Arson |
| 17:55 | Research | Arson |
| 18:13 | Build | Watch Tower |
| 18:14 | Create | Villager (Male) |
| 18:16 | Build | House |
Build order — CNZS_Donghaidi
First 150 of 241 actions detected
| 0:00 | Create | Villager (Male) |
| 0:01 | Create | Villager (Male) |
| 0:01 | Create | Villager (Male) |
| 0:02 | Build | House |
| 0:02 | Create | Villager (Male) |
| 0:03 | Build | House |
| 1:25 | Create | Villager (Male) |
| 1:25 | Create | Villager (Male) |
| 1:55 | Build | Lumber Camp |
| 1:57 | Build | Lumber Camp |
| 2:00 | Create | Villager (Male) |
| 2:01 | Create | Villager (Male) |
| 2:12 | Create | Villager (Male) |
| 2:13 | Create | Villager (Male) |
| 2:49 | Create | Villager (Male) |
| 2:49 | Create | Villager (Male) |
| 3:14 | Create | Villager (Male) |
| 3:14 | Create | Villager (Male) |
| 3:31 | Create | Villager (Male) |
| 3:31 | Create | Villager (Male) |
| 3:49 | Build | House |
| 3:53 | Create | Villager (Male) |
| 3:53 | Create | Villager (Male) |
| 4:28 | Create | Villager (Male) |
| 4:31 | Create | Villager (Male) |
| 4:31 | Create | Villager (Male) |
| 4:44 | Build | Barracks |
| 5:11 | Build | House |
| 5:21 | Create | Villager (Male) |
| 5:21 | Create | Villager (Male) |
| 5:33 | Build | House |
| 5:34 | Build | House |
| 5:37 | Create | Militia |
| 5:37 | Create | Militia |
| 5:58 | Create | Militia |
| 6:04 | Create | Villager (Male) |
| 6:26 | Create | Villager (Male) |
| 6:43 | Build | Mill |
| 6:52 | Create | Villager (Male) |
| 7:28 | Research | Loom |
| 7:38 | Build | Mining Camp |
| 7:59 | Create | Villager (Male) |
| 8:25 | Research | Feudal Age |
| 8:25 | Research | Feudal Age |
| 8:42 | Build | Farm |
| 8:50 | Create | Militia |
| 9:11 | Create | Militia |
| 9:23 | Build | House |
| 9:25 | Build | Palisade Wall |
| 9:27 | Build | Palisade Wall |
| 9:44 | Create | Villager (Male) |
| 10:35 | Age | Feudal Age |
| 10:37 | Research | Man-at-Arms (upgrade) |
| 11:06 | Create | Villager (Male) |
| 11:13 | Build | Farm |
| 11:24 | Build | Farm |
| 11:37 | Create | Villager (Male) |
| 11:38 | Build | Farm |
| 11:39 | Build | Farm |
| 11:46 | Build | Farm |
| 11:51 | Build | Archery Range |
| 12:01 | Create | Villager (Male) |
| 12:09 | Build | House |
| 12:09 | Create | Villager (Male) |
| 12:09 | Create | Villager (Male) |
| 12:13 | Build | House |
| 12:14 | Build | Palisade Wall |
| 12:35 | Build | Palisade Wall |
| 12:41 | Create | Villager (Male) |
| 12:43 | Create | Skirmisher |
| 12:54 | Create | Villager (Male) |
| 12:58 | Create | Archer |
| 13:10 | Research | Horse Collar |
| 13:10 | Research | Horse Collar |
| 13:24 | Build | Farm |
| 13:26 | Create | Skirmisher |
| 13:33 | Create | Villager (Male) |
| 13:51 | Create | Villager (Male) |
| 13:53 | Create | Skirmisher |
| 14:06 | Build | Blacksmith |
| 14:13 | Create | Skirmisher |
| 14:25 | Build | House |
| 14:26 | Create | Villager (Male) |
| 14:41 | Create | Skirmisher |
| 14:44 | Create | Spearman |
| 14:51 | Create | Villager (Male) |
| 14:54 | Build | Palisade Wall |
| 15:00 | Build | House |
| 15:12 | Build | Farm |
| 15:17 | Research | Fletching |
| 15:22 | Create | Villager (Male) |
| 15:27 | Create | Archer |
| 15:42 | Build | House |
| 15:46 | Build | Palisade Wall |
| 15:50 | Create | Villager (Male) |
| 15:56 | Build | Farm |
| 15:58 | Create | Archer |
| 16:08 | Create | Villager (Male) |
| 16:20 | Build | Palisade Wall |
| 16:22 | Build | Palisade Wall |
| 16:23 | Research | Double-Bit Axe |
| 16:26 | Create | Villager (Male) |
| 16:34 | Build | Mill |
| 16:40 | Create | Archer |
| 16:49 | Create | Villager (Male) |
| 17:06 | Create | Villager (Male) |
| 17:12 | Build | Farm |
| 17:16 | Create | Archer |
| 17:31 | Build | Farm |
| 17:33 | Build | Farm |
| 17:34 | Build | Farm |
| 17:43 | Create | Villager (Male) |
| 17:48 | Build | House |
| 17:49 | Build | Palisade Wall |
| 18:10 | Build | Watch Tower |
| 18:18 | Create | Villager (Male) |
| 18:21 | Build | Mining Camp |
| 18:27 | Build | Mining Camp |
| 18:30 | Create | Skirmisher |
| 18:36 | Create | Villager (Male) |
| 18:41 | Build | House |
| 18:43 | Create | Villager (Male) |
| 18:48 | Build | Farm |
| 18:57 | Create | Villager (Male) |
| 19:00 | Build | House |
| 19:02 | Build | Stone Wall |
| 19:04 | Create | Villager (Male) |
| 19:09 | Build | Stone Wall |
| 19:10 | Build | Farm |
| 19:13 | Build | Lumber Camp |
| 19:35 | Build | Stone Wall |
| 19:45 | Build | Stone Wall |
| 19:53 | Create | Villager (Male) |
| 20:05 | Create | Villager (Male) |
| 20:10 | Build | Watch Tower |
| 20:21 | Create | Skirmisher |
| 20:35 | Research | Castle Age |
| 20:36 | Research | Castle Age |
| 20:44 | Build | Mining Camp |
| 21:10 | Create | Skirmisher |
| 21:38 | Create | Skirmisher |
| 21:49 | Build | Stable |
| 21:53 | Create | Skirmisher |
| 21:59 | Research | Padded Archer Armor |
| 22:06 | Build | Farm |
| 22:16 | Create | Villager (Male) |
| 22:19 | Build | Farm |
| 23:14 | Build | Market |
| 23:15 | Age | Castle Age |
| 23:19 | Research | Bodkin Arrow |
Match timeline
| 4:44 | CNZS_Donghaidi · first_building Barracks |
| 6:04 | jsemosoom · first_building Barracks |
| 6:32 | jsemosoom · wall_segment Palisade Wall x1 |
| 6:33 | jsemosoom · wall_segment Palisade Wall x1 |
| 9:00 | jsemosoom · wall_segment Palisade Wall x1 |
| 9:01 | jsemosoom · wall_segment Palisade Wall x1 |
| 9:16 | jsemosoom · age_up feudal |
| 9:23 | jsemosoom · first_building Archery Range |
| 9:25 | CNZS_Donghaidi · wall_segment Palisade Wall x1 |
| 9:27 | CNZS_Donghaidi · wall_segment Palisade Wall x1 |
| 10:35 | CNZS_Donghaidi · age_up feudal |
| 11:23 | jsemosoom · wall_segment Palisade Wall x1 |
| 11:51 | CNZS_Donghaidi · first_building Archery Range |
| 12:14 | CNZS_Donghaidi · wall_segment Palisade Wall x1 |
| 12:33 | jsemosoom · wall_segment Palisade Wall x1 |
| 12:34 | jsemosoom · wall_segment Palisade Wall x2 |
| 12:35 | CNZS_Donghaidi · wall_segment Palisade Wall x1 |
| 14:54 | CNZS_Donghaidi · wall_segment Palisade Wall x1 |
| 15:46 | CNZS_Donghaidi · wall_segment Palisade Wall x4 |
| 16:00 | jsemosoom · wall_segment Palisade Wall x1 |
| 16:01 | jsemosoom · wall_segment Palisade Wall x4 |
| 16:20 | CNZS_Donghaidi · wall_segment Palisade Wall x4 |
| 16:22 | CNZS_Donghaidi · wall_segment Palisade Wall x6 |
| 16:28 | jsemosoom · wall_segment Palisade Wall x7 |
| 16:33 | jsemosoom · wall_segment Palisade Wall x7 |
| 17:49 | CNZS_Donghaidi · wall_segment Palisade Wall x1 |
| 19:02 | CNZS_Donghaidi · wall_segment Stone Wall x1 |
| 19:09 | CNZS_Donghaidi · wall_segment Stone Wall x1 |
| 19:35 | CNZS_Donghaidi · wall_segment Stone Wall x1 |
| 19:45 | CNZS_Donghaidi · wall_segment Stone Wall x1 |
| 21:26 | jsemosoom · wall_segment Stone Wall x1 |
| 21:28 | jsemosoom · wall_segment Stone Wall x2 |
| 21:49 | CNZS_Donghaidi · first_building Stable |
| 22:53 | jsemosoom · wall_segment Palisade Wall x1 |
| 22:54 | jsemosoom · wall_segment Palisade Wall x1 |
| 22:56 | jsemosoom · wall_segment Palisade Wall x1 |
| 23:15 | CNZS_Donghaidi · age_up castle |
| 24:02 | CNZS_Donghaidi · wall_segment Stone Wall x1 |
| 24:17 | jsemosoom · wall_segment Stone Wall x1 |
| 24:36 | jsemosoom · first_market_sell 100 food |
| 25:40 | jsemosoom · age_up castle |
| 25:49 | jsemosoom · first_building Monastery |
| 26:06 | CNZS_Donghaidi · first_market_buy 100 stone |
| 26:12 | CNZS_Donghaidi · first_building Castle |
| 26:34 | CNZS_Donghaidi · first_building Siege Workshop |
| 26:52 | jsemosoom · first_market_buy 100 wood |
| 28:39 | jsemosoom · first_building Stable |
| 31:32 | jsemosoom · first_building Castle |
| 34:24 | CNZS_Donghaidi · resign |
[ AI ANALYSIS · 1 CREDIT ]
What really happened in this match?
Wolo.gg analyzes every decision: build order, eco, micro, common mistakes by bracket. Personalized analysis on WhatsApp or Discord in 30 seconds.
Civ guide
Byzantines
Perfil
jsemosoom